 Dungeon Crawl Stone Soup version 0.24-a0-580-g6a6c3f8 (webtiles) character file.

Game seed: 12559348261892304776

390 scottley the Ruffian (level 6, -5/61 HPs)
             Began as a Troll Monk on Aug 17, 2019.
             Slain by an ogre
             ... wielding a +0 giant club
              (23 damage)
             ... on level 4 of the Dungeon on Aug 21, 2019.
             The game lasted 00:15:33 (3007 turns).

scottley the Ruffian (Troll Monk)                   Turns: 3007, Time: 00:15:34

Health: -5/61      AC:  6    Str: 21    XL:     6   Next: 50%
Magic:  0/5        EV: 12    Int:  6    God:
Gold:   158        SH:  0    Dex: 13    Spells: 5/5 levels left

rFire    . . .     SeeInvis .     - Unarmed
rCold    . . .     Gourm    +   (no shield)
rNeg     . . .     Faith    .   a - +0 robe
rPois    .         Spirit   +   (helmet restricted)
rElec    .         Reflect  .   (no cloak)
rCorr    .         Harm     .   (gloves unavailable)
MR       .....                  (boots unavailable)
Stlth    ++........             e - amulet of guardian spirit
HPRegen  0.60/turn              c - +1 ring of evasion
MPRegen  0.09/turn              (no ring)

@: about to teleport
A: large, unfitting armour, claws 3, fast metabolism 3, gourmand, regeneration
1, shaggy fur 1, tough skin 3
a: no special abilities


You were on level 4 of the Dungeon.
You were full.

You visited 1 branch of the dungeon, and saw 4 of its levels.

You collected 158 gold pieces.

Inventory:

Missiles
 g - 11 poisoned darts (quivered)
 j - 3 atropa-tipped darts
Armour
 a - a +0 robe (worn)
Jewellery
 c - a +1 ring of evasion (left claw)
 e - an amulet of guardian spirit (around neck)
Scrolls
 d - a scroll of remove curse
 h - a scroll of teleportation
Potions
 f - 2 potions of brilliance {unknown}
 k - a potion of cancellation {unknown}
Comestibles
 b - 10 rations


   Skills:
 + Level 3.2 Fighting
 + Level 1.0 Throwing
 + Level 3.4 Dodging
 + Level 1.9 Stealth
 + Level 5.4 Unarmed Combat


You had 5 spell levels left.
You didn't know any spells.
Your spell library was empty.

Dungeon Overview and Level Annotations

Branches:
Dungeon (4/15)
 Temple: D:4-7

Altars:
Fedhas
Qazlal
Vehumet


Innate Abilities, Weirdness & Mutations

You are too large for most types of armour.
You have claws for hands.
Your metabolism is lightning-fast.
You like to eat raw meat.
Your natural rate of healing is unusually fast.
You are covered in fur. (AC +1)
You have extremely tough skin. (AC +3)


Message History

Throwing (i - inventory. (/) - cycle)
g - 12 poisoned darts (quivered)
Press: ? - help, Shift-Dir - straight line, f - ogre
Aim: an ogre, wielding a +0 giant club (heavily wounded)
You throw a poisoned dart. The poisoned dart hits the ogre.
The ogre is heavily wounded.
The jackal closely misses you.
The gnoll hits you from afar with a +0 halberd.
The ogre hits you with a +0 giant club!
* * * LOW HITPOINT WARNING * * *
The jackal closely misses you.
Found 17 stones.
The frilled lizard unfolds its giant frill.
The jackal bites you.
* * * LOW HITPOINT WARNING * * *
As you read the scroll of teleportation, it crumbles to dust.
You feel strangely unstable. The jackal completely misses you.
The gnoll barely misses you.
The jackal bites you but does no damage.
The ogre hits you with a +0 giant club!!
You die...

≈#.gg#............ ..........
≈#####≈≈≈≈≈≈≈≈≈≈≈≈..
.≈≈≈≈≈≈≈≈≈≈≈
≈≈≈≈≈≈≈≈≈≈≈≈≈≈≈≈≈≈..
.≈≈≈≈≈≈≈≈≈≈≈ ≈≈≈≈≈≈≈≈≈≈≈≈≈≈≈≈≈≈.
..≈≈≈≈≈≈≈≈≈≈≈ P.................
..............
##...............##(.#
##........
##.<...............####....#####
##.....h####............. #
#......# #.h@# ...
#......####.O## ##.
#......(.l.h.# #.# #
#..........g## #.## ##
##....######## #..# ##. ##...)##
##.<####.# #.....)##
#########....#..## ....##...##
##...............# ...# ##...##
##...............##


You could see an ogre, a gnoll, 2 jackals and a frilled lizard.

Vanquished Creatures
  2 scorpions (D:4)
  An orc priest (D:3)
  Jessica (D:3)
  A worker ant (D:4)
  Terence (D:2)
  4 gnolls (D:4)
  5 adders
  An ooze (D:1)
  An adder skeleton (D:4)
  A worm (D:3)
  A dart slug (D:1)
  4 leopard geckos
  6 orcs (D:3)
  A ball python (D:1)
  7 bats
  4 giant cockroaches
  7 hobgoblins
  20 jackals
  A frilled lizard (D:3)
  7 goblins
  5 kobolds
  A leopard gecko skeleton (D:4)
  7 rats
89 creatures vanquished.

Notes
Turn   | Place    | Note
-------+----------+-------------------------------------------
     0 | D:1      | scottley the Troll Monk began the quest for the Orb.
     0 | D:1      | Reached XP level 1. HP: 22/22 MP: 0/0
    84 | D:1      | Reached XP level 2. HP: 25/29 MP: 1/1
   607 | D:1      | Reached XP level 3. HP: 25/36 MP: 2/2
   781 | D:2      | Found a faded altar of an unknown god.
   918 | D:2      | Found a stormy altar of Qazlal.
   931 | D:2      | Found a blossoming altar of Fedhas.
  1121 | D:2      | Noticed Terence
  1129 | D:2      | Killed Terence
  1129 | D:2      | Reached XP level 4. HP: 38/44 MP: 3/3
  1290 | D:2      | Upgraded the game from 0.24-a0-539-g6aae15e to
                  | 0.24-a0-580-g6a6c3f8
  1401 | D:3      | Reached skill level 4 in Unarmed Combat
  1450 | D:3      | Found a radiant altar of Vehumet.
  1706 | D:3      | Reached XP level 5. HP: 53/53 MP: 4/4
  2046 | D:3      | Noticed Jessica
  2054 | D:3      | Killed Jessica
  2352 | D:4      | Reached skill level 5 in Unarmed Combat
  2435 | D:4      | Reached XP level 6. HP: 61/61 MP: 5/5
  2804 | D:4      | Reached skill level 1 in Throwing
  3007 | D:4      | Slain by an ogre

Levels and vault maps discovered:
D:1:      dpeg_arrival_houses_and_road, layout_basic
D:2:      layout_loops_ring, lemuel_coloured_pillars_altar, first_ration,
          chequers_ecumenical_altar_island, fedhas_altar_1, uniq_terence
D:3:      layout_basic, lemuel_doored_altar, minmay_misc_feat_plants,
          minmay_misc_feat_columns, uniq_jessica
D:4:      lemuel_castle_with_subvaults [lemuel_castle_interior_original],
          layout_layer_cave, nrook_campfire, st_stairs_11

Skill      XL: |  1  2  3  4  5  6 |
---------------+-------------------+-----
Fighting       | 3 |  3.2
Dodging        | 3 |  3.4
Unarmed Combat | 4 5 |  5.4
Throwing       | 1 |  1.0
Stealth        | |  1.9

Action                   |  1- 3 |  4- 6 || total
-------------------------+-------+-------++-------
Melee: Unarmed           |    78 |   156 ||   234
       Punch             |     1 |     2 ||     3
Throw: Dart              |       |    12 ||    12
  Use: Potion            |     3 |       ||     3
       Scroll            |     5 |     2 ||     7
 Stab: Sleeping          |     2 |     4 ||     6
  Eat: Chunk             |    10 |    20 ||    30
Armor: Robe              |    37 |    51 ||    88
Dodge: Dodged            |    59 |   134 ||   193

Table legend:
 A = Non-vault XP
 B = Vault XP
 C = Vault XP percentage of total XP
 D = Non-vault monster count
 E = Vault monster count
 F = Vault count percentage of total count
                 A         B        C        D         E       F
            +---------+---------+-------+---------+---------+-------
      Total |     417 |     141 |  25.3 |      73 |      16 |  18.0
            +---------+---------+-------+---------+---------+-------
        D:1 |      46 |       0 |   0.0 |      24 |       0 |   0.0
        D:2 |      22 |      32 |  59.3 |       7 |       1 |  12.5
        D:3 |     153 |      37 |  19.5 |      31 |       1 |   3.1
        D:4 |     196 |      72 |  26.9 |      11 |      14 |  56.0
            +---------+---------+-------+---------+---------+-------
